 Dungeon Crawl Stone Soup version 0.28-a0-1033-g1a2f33fa85 (webtiles) character file.

Game seed: 11085285289792650657

0 meatgazer the Skirmisher (level 1, -1/18 HPs)
             Began as a Demonspawn Abyssal Knight on Dec 7, 2021.
             Was a Follower of Lugonu.
             Killed from afar by an air elemental (5 damage)
             ... with a stunning burst
             ... while paralysed by an air elemental
             ... on level 4 of the Abyss.
             The game lasted 00:00:33 (184 turns).

meatgazer the Skirmisher (Demonspawn Abyssal Knight) Turns: 184, Time: 00:00:33

Health: -1/18      AC:  3    Str: 13    XL:     1   Next: 0%
Magic:  2/2        EV:  2    Int: 11    God:    Lugonu [*.....]
Gold:   0          SH:  0    Dex: 13    Spells: 0/0 levels left

rFire   . . .      SeeInvis .   a - +1 falchion
rCold   . . .      Faith    .   (no shield)
rNeg    . . .      Spirit   .   b - +0 leather armour
rPois   .          Reflect  .   (no helmet)
rElec   .          Harm     .   (no cloak)
rCorr   .          Rampage  .   (no gloves)
Will    .....                   (no boots)
Stlth   +.........              (no amulet)
HPRegen 0.06/turn               (no ring)
MPRegen 0.08/turn               (no ring)

@: paralysed
A: no striking features
a: Renounce Religion, Depart the Abyss


You were on level 4 of the Abyss.
You worshipped Lugonu.
Lugonu was aware of your devotion.
You visited 0 branches of the dungeon, and saw 0 of its levels.
You visited the Abyss 1 time.

Inventory:

Hand Weapons
 a - a +1 falchion (weapon)
Armour
 b - a +0 leather armour (worn)


   Skills:
 + Level 3.0 Fighting
 + Level 1.7 Long Blades
 + Level 1.7 Armour
 + Level 0.8 Dodging
 + Level 2.4 Invocations


You couldn't memorise any spells.
You didn't know any spells.
Your spell library was empty.

Dungeon Overview and Level Annotations

Branches:
Dungeon (0/15)

Altars:


Message History

There is a gateway leading deeper into the Abyss here.
c - a scroll labelled XAMYECK FOFUPT
There is a gateway leading deeper into the Abyss here.
You plunge deeper into the Abyss.
The abyssal rune of Zot can be found at this depth.
Found a scroll labelled LOPRETHOYGHU.
A tentacled starspawn erupts from nowhere.
A tentacle flies out from the starspawn's body!
A starspawn tentacle comes into view.
You see here a scroll labelled LOPRETHOYGHU.
d - a scroll labelled LOPRETHOYGHU
As you read the scroll labelled XAMYECK FOFUPT, it crumbles to dust.
You feel strangely unstable.
You feel the power of the Abyss delaying your translocation!
It was a scroll of teleportation.
Blink to where?
Press: ? - help, Dir - move target
Found 18 stones.
As you read the scroll labelled LOPRETHOYGHU, it crumbles to dust.
It was a scroll of blinking.
A tentacle flies out from the starspawn's body!
A starspawn tentacle comes into view.
An ancient zyme comes into view.
Found a scroll labelled VAKIODD OREC.
You feel yourself growing ill in the presence of the ancient zyme.
Found a flail and an emerald ring.
You are suddenly pulled into a different region of the Abyss!
An air elemental comes into view.
The air elemental fires a burst of electricity at you.
The stunning burst hits you.
You suddenly lose the ability to move!
You can move again.
The air elemental fires a burst of electricity at you.
The stunning burst hits you!
You shrug off the repeated paralysis!
The air elemental closely misses you. The air elemental misses you.
The air elemental closely misses you. The air elemental hits you.
* * * LOW HITPOINT WARNING * * *
The air elemental fires a burst of electricity at you.
The stunning burst hits you.
You suddenly lose the ability to move!
You die...

.### ... #. ..# ##.
..# ## .... ##.. .#
... ##. ...#. ...#.
## #..##
.......#### ##@.#
...##.## .## #.#E#
# ....###.####..##
... ##.#...#.##...#
..#####.##....#.#.#
...# ## ......#.##
#.# # ###..#...#.#
#.# ## ##..##.##E.#
# . ≈ .#.#.##. .##


You could see an air elemental.

Vanquished Creatures (others)
  3 starspawn tentacles (Abyss:4)
3 creatures vanquished.

Notes
Turn   | Place    | Note
-------+----------+-------------------------------------------
     0 | Abyss:1  | meatgazer the Demonspawn Abyssal Knight began the quest for
                  | the Orb.
     0 | Abyss:1  | Reached XP level 1. HP: 18/18 MP: 2/2
    30 | Abyss:1  | Noticed a small abomination
   108 | Abyss:2  | Noticed an ancient zyme
   135 | Abyss:4  | Noticed a tentacled starspawn
   141 | Abyss:4  | Noticed an ancient zyme
   179 | Abyss:4  | Noticed an air elemental
   179 | Abyss:4  | Paralysed by an air elemental for 1 turns
   184 | Abyss:4  | Paralysed by an air elemental for 1 turns
   184 | Abyss:4  | Killed from afar by an air elemental

Illustrated notes

Levels and vault maps discovered:
Abyss:4:  base: Temple, base: Temple, hangedman_abyss_or_decor_clamps,
          nicolae_abyss_rune_star_stuff, hangedman_abyss_rune_flesh_and_stone

Action                   || total
-------------------------++-------
  Use: Scroll            ||     2
Dodge: Dodged            ||     3

Table legend: (Time is in decaauts)
 A = Elapsed time spent in this place.
 B = Non-inter-level travel time spent in this place.
 C = Inter-level travel time spent in this place.
 D = Time resting spent in this place.
 E = Time spent auto-exploring this place.
 F = Levels seen in this place.
 G = Mean time per level.
                   A        B        C        D        E       F      G
               +--------+--------+--------+--------+--------+-----+--------+
         Total |    184 |    184 |      0 |      0 |    127 |   4 |   46.0 |
         Abyss |    184 |    184 |      0 |      0 |    127 |   4 |   46.0 |
               +--------+--------+--------+--------+--------+-----+--------+

Top non-repeatable levels by time:
 Abyss:2: 77 daAuts
 Abyss:4: 54 daAuts
 Abyss:1: 35 daAuts
 Abyss:3: 16 daAuts
